 Dungeon Crawl Stone Soup version 0.28-a0-1560-g060a6a1bfc (webtiles) character file.

Game seed: 13788001450254677224

35 BritishOli the Slasher (level 3, 25/28 HPs)
             Began as a Demonspawn Gladiator on Jan 19, 2022.
             Got out of the dungeon alive.
             The game lasted 00:00:36 (953 turns).

BritishOli the Slasher (Demonspawn Gladiator)        Turns: 953, Time: 00:00:37

Health: 25/28      AC:  4    Str: 16    XL:     3   Next: 17%
Magic:  3/3        EV: 12    Int:  9    God:
Gold:   28         SH:  5    Dex: 14    Spells: 2/2 levels left

rFire   . . .      SeeInvis .   a - +0 long sword
rCold   . . .      Faith    .   (no shield)
rNeg    . . .      Spirit   .   b - +0 leather armour
rPois   .          Reflect  +   c - +0 helmet
rElec   .          Harm     .   (no cloak)
rCorr   .          Rampage  .   (no gloves)
Will    .....                   (no boots)
Stlth   +.........              f - amulet of reflection
HPRegen 0.09/turn               (no ring)
MPRegen 0.16/turn               (no ring)

@: no status effects
A: spiny 1, magic regeneration
a: no special abilities


You escaped.
You visited 1 branch of the dungeon, and saw 1 of its levels.

You collected 28 gold pieces.

Inventory:

Hand Weapons
 a - a +0 long sword (weapon)
Missiles
 d - 3 throwing nets (quivered)
Armour
 b - a +0 leather armour (worn)
 c - a +0 helmet (worn)
Jewellery
 f - an amulet of reflection (around neck)
Scrolls
 e - 2 scrolls of amnesia {unknown}
 g - a scroll of blinking {unknown}
 h - a scroll of fog {unknown}
Potions
 i - 2 potions of magic {unknown}


   Skills:
 + Level 2.5 Fighting
 + Level 3.0 Long Blades
 + Level 2.2 Throwing
 + Level 3.0 Dodging


You had 2 spell levels left.
You didn't know any spells.
Your spell library was empty.

Dungeon Overview and Level Annotations

Branches:
Dungeon (1/15)

Altars:


Innate Abilities, Weirdness & Mutations

You are partially covered in sharp spines.
You regenerate magic rapidly.


Message History

Unknown command.
You closely miss the jackal.
The jackal is lightly wounded.
The jackal closely misses you.
The jackal bites you but does no damage. x2
Unknown command.
You hit the jackal but do no damage.
The jackal is lightly wounded.
The jackal barely misses you. The jackal is struck by your spines.
The jackal misses you. The jackal is struck by your spines.
The jackal bites you. The jackal completely misses you.
Unknown command.
Unknown command.
You closely miss the jackal.
The jackal is severely wounded.
The jackal barely misses you. The jackal closely misses you.
The jackal is struck by your spines.
You kill the jackal!
Unknown command.
You hit the jackal.
You kill the jackal!
The jackal is struck by your spines. The jackal bites you.
Unknown command.
You closely miss the jackal.
The jackal is moderately wounded.
You block the jackal's attack. The jackal is struck by your spines.
The jackal bites you.
Unknown command.
You hit the jackal.
You kill the jackal!
Unknown command.
No target in view!
(D) Dungeon
Where to? (? - help)
Okay, then.
There is an open door here.
There is an open door here.
There is a staircase leading out of the dungeon here.
Are you sure you want to leave the Dungeon?
This will make you lose the game!
You have escaped!

# #.......#.#.#>#)#.##......#
#######.......#.#.###.#.##......#
.............##....#....##......'
######.......##...###...........#
#.......##.### ###..#####'##
#.###..........## ##...# #.#
#.....#######..>## #.#..# #.#
#.......# #..#.# ##>..# #.##
#.#####'######.@## ##.## #... ..
#.....# #.### ###.# #... #
#.....# #...###...# ##.. #.....#
#....#....# ###
#.....###.#.###.#.# #
#.......#.#.#>#.#.# #
#.....#.#.........# #
#######.########### # #.# #


There were no monsters in sight!

Vanquished Creatures
  2 dart slugs (D:1)
  3 endoplasms (D:1)
  2 giant cockroaches (D:1)
  2 goblins (D:1)
  3 hobgoblins (D:1)
  3 jackals (D:1)
  2 kobolds (D:1)
  A quokka (D:1)
  3 ball pythons (D:1)
  2 bats (D:1)
  A frilled lizard (D:1)
  5 rats (D:1)
29 creatures vanquished.

Notes
Turn   | Place    | Note
-------+----------+-------------------------------------------
     0 | D:1      | BritishOli the Demonspawn Gladiator began the quest for the
                  | Orb.
     0 | D:1      | Reached XP level 1. HP: 16/16 MP: 1/1
   180 | D:1      | Found a faded altar of an unknown god.
   188 | D:1      | Gained mutation: You are partially covered in sharp spines.
                  | [demonic ancestry]
   188 | D:1      | Reached XP level 2. HP: 20/22 MP: 2/2
   823 | D:1      | Gained mutation: You regenerate magic rapidly. [demonic
                  | ancestry]
   823 | D:1      | Reached XP level 3. HP: 28/28 MP: 3/3
   953 | D:$      | Got out of the dungeon alive.

Illustrated notes

Levels and vault maps discovered:
D:1:      onia_arrival_handbag, layout_basic,
          dreamdust_ecumenical_altar_statues, minmay_pentomino_w2

Skill      XL: |  1  2 |
---------------+-------+-----
Throwing       | 2 |  2.2
Long Blades    | 3 |  3.0
Dodging        | 3 |  3.0
Fighting       | |  2.5

Action                   || total
-------------------------++-------
Melee: Long sword        ||    59
 Stab: Sleeping          ||     1
Armor: Leather armour    ||    11
Dodge: Dodged            ||    35
Block: Other             ||     3

Table legend: (Time is in decaauts)
 A = Elapsed time spent in this place.
 B = Non-inter-level travel time spent in this place.
 C = Inter-level travel time spent in this place.
 D = Time resting spent in this place.
 E = Time spent auto-exploring this place.
 F = Levels seen in this place.
 G = Mean time per level.
                   A        B        C        D        E       F      G
               +--------+--------+--------+--------+--------+-----+--------+
         Total |    967 |    876 |     91 |      0 |    718 |   1 |  967.0 |
       Dungeon |    967 |    876 |     91 |      0 |    718 |   1 |  967.0 |
               +--------+--------+--------+--------+--------+-----+--------+

Top non-repeatable levels by time:
     D:1: 967 daAuts
